 Dungeon Crawl Stone Soup version 0.30-a0-459-g9104f0fc43 (webtiles) character file.

Game seed: 7196937340668508133

8109 cforsyth the Grappler (level 11, -5/110 HPs)
             Began as a Troll Fighter on Dec 16, 2022.
             Was a Priest of Wu Jian.
             Killed by divine providence
             ... invoked by an orc priest
              (13 damage)
             ... on level 11 of the Dungeon.
             The game lasted 00:12:48 (8220 turns).

cforsyth the Grappler (Troll Fighter)               Turns: 8220, Time: 00:12:48

Health: -5/110     AC:  7    Str: 30 (32) XL:     11   Next: 5%
Magic:  10/10      EV:  9    Int:  6 (8)  God:    Wu Jian [***...]
Gold:   688        SH: 10    Dex: 12 (15) Spells: 10/10 levels left

rFire   . . .      SeeInvis .      - Unarmed
rCold   . . .      Faith    .    b - +0 kite shield
rNeg    . . .      Spirit   .    M - +0 robe {Will+}
rPois   .          Reflect  .    (helmet restricted)
rElec   .          Harm     .    L - +2 cloak
rCorr   .          Rampage  .    (gloves unavailable)
Will    +....                    (boots unavailable)
Stlth   +.........               (no amulet)
HPRegen 1.18/turn                i - +6 ring of strength
MPRegen 0.12/turn                G - +6 ring of dexterity

@: no status effects
A: large, unfitting armour, claws 3, regeneration 1, shaggy fur 1, tough skin 1
a: Renounce Religion, Wall Jump, Serpent's Lash


You were on level 11 of the Dungeon.
You worshipped Wu Jian.
Wu Jian was most pleased with you.
You visited 1 branch of the dungeon, and saw 11 of its levels.

You collected 688 gold pieces.

Inventory:

Missiles
 I - 3 throwing nets (quivered)
Armour
 b - a +0 kite shield (worn)
 L - a +2 cloak (worn)
 M - a +0 robe of willpower (worn)
Jewellery
 i - a +6 ring of strength (left claw)
 G - a +6 ring of dexterity (right claw)
 N - a +6 ring of dexterity
 Q - the ring "Uguffun" {rC- rN+ Will+ rCorr}
   (You found it on level 9 of the Dungeon)

   [ring of resist corrosion]

   rC:        It makes you vulnerable to cold.
   rN:        It protects you from negative energy.
   rCorr:     It protects you from acid and corrosion.
   Will:      It increases your willpower.
 R - a +6 ring of dexterity
Wands
 f - a wand of mindburst (6)
 j - a wand of flame (27)
 m - a wand of digging (5)
 w - a wand of roots (14)
 K - a wand of polymorph (6)
 O - a wand of paralysis (6)
 P - a wand of light (7)
Scrolls
 a - a scroll of enchant weapon
 d - 7 scrolls of magic mapping
 e - 2 scrolls of torment
 g - 2 scrolls of amnesia
 o - a scroll of silence {unknown}
 r - 2 scrolls of teleportation
 t - 5 scrolls of identify
 y - 2 scrolls of fog {unknown}
 B - a scroll of vulnerability
 C - a scroll of summoning {unknown}
 D - a scroll of brand weapon
 E - a scroll of fear {unknown}
 F - 2 scrolls of poison {unknown}
 J - 2 scrolls of immolation {unknown}
Potions
 c - 5 potions of might
 h - a potion of brilliance
 k - 2 potions of lignification {unknown}
 l - 7 potions of curing
 n - 2 potions of invisibility
 p - 2 potions of mutation
 q - 4 potions of degeneration
 s - 2 potions of berserk rage
 u - a potion of ambrosia {unknown}
 v - a potion of resistance {unknown}
 x - 4 potions of heal wounds {unknown}
 z - 2 potions of attraction {unknown}
 A - 3 potions of haste {unknown}
 H - a potion of flight {unknown}


   Skills:
 + Level 7.7 Fighting
 - Level 3.1 Dodging
 + Level 8.3 Shields
 * Level 12.0 Unarmed Combat


You had 10 spell levels left.
You didn't know any spells.
Your spell library contained the following spells:

 Spells                   Type           Power      Damage    Failure   Level
 Sandblast                Erth           0%         2d4       69%         1
 Ensorcelled Hibernation  Hex/Ice        0%         N/A       83%         2
 Passwall                 Tmut/Erth      0%         N/A       83%         2
 Ignite Poison            Fire/Tmut/Pois 0%         N/A       96%         3
 Kindle Blastsparks       Fire/Tloc/Air  0%         2d10      96%         3
 Stone Arrow              Conj/Erth      0%         3d7       96%         3
 Swiftness                Air            0%         N/A       96%         3
 Freezing Cloud           Conj/Ice/Air   0%         6-21      100%        5


Dungeon Overview and Level Annotations

Branches:
Dungeon (11/15)            Temple (0/1) D:7
   Lair: D:8-11         Orc: D:9-12

Altars:
Dithmenos
Hepliaklqana
Okawaru
Trog
Vehumet
Wu Jian


Innate Abilities, Weirdness & Mutations

You are too large for most types of armour.
You have claws for hands.
Your natural rate of healing is unusually fast.
You are covered in fur. (AC +1)
You have tough skin. (AC +1)


Message History

You destroy the vampire mosquito!
The Council accepts your kill.
You block the vampire mosquito's attack.
Unknown command.
Okay, then.
You spin and attack the orc.
You scratch the orc.
You kill the orc!
The Council accepts your kill.
You can now briefly move at supernatural speeds.
You spin and attack the vampire mosquito.
You miss the vampire mosquito. The vampire mosquito bites you.
* * * LOW HITPOINT WARNING * * *
The vampire mosquito draws strength from your injuries!
You block the vampire mosquito's attack.
The orc warrior hits you from afar with a +0 trident.
* * * LOW HITPOINT WARNING * * *
You mangle the vampire mosquito!!
The vampire mosquito is severely damaged.
The vampire mosquito bites you!
* * * LOW HITPOINT WARNING * * *
The vampire mosquito draws strength from your injuries!
The vampire mosquito bites you.
* * * LOW HITPOINT WARNING * * *
The vampire mosquito draws strength from your injuries!
You block the orc warrior's attack.
The orc priest begins to cast a cantrip, but forgets the words!
Unknown command.
Unknown command.
Okay, then.
Unknown command.
Okay, then.
It was a potion of degeneration.
There was something very wrong with that liquid.
You feel weakened.
You feel dopey.
You feel clumsy.
You block the vampire mosquito's attack.
The vampire mosquito bites you but does no damage.
The orc warrior hits you but does no damage.
The orc priest invokes the aid of Beogh against you.
Beogh smites you!
You die...

##########
#........#######
#......K@#.....#
#......y)#.....#
#....#.oo#.....#
#....#..K).....#
#....#...#######
#....#...#.....#
#....#.†.#.....#
#....#.........#
#....#.........#


You could see an orc warrior, a vampire mosquito, a kobold brigand, an orc
priest and a kobold.

Vanquished Creatures
  Pikel (D:9)
  Maggie (D:9)
  An unseen horror zombie (D:9)
  Psyche (D:9)
  3 trolls
  2 wraiths
  11 yaks
  A steam dragon (D:8)
  3 vampire mosquitoes (D:11)
  An orc warrior (D:7)
  An ice beast (D:6)
  2 sky beasts
  An ogre (D:4)
  3 centaurs
  A lemure (D:9)
  2 phantoms
  2 kobold brigands
  6 bullfrogs
  4 necrophages
  6 scorpions
  2 gnoll sergeants
  A wyvern skeleton (D:9)
  12 wights
  A howler monkey (D:8)
  2 jellies
  2 hounds (D:4)
  A centaur skeleton (D:9)
  2 gnoll boudas
  3 orc priests
  Natasha (thrice) (D:3)
  4 iguanas
  8 orc wizards
  A howler monkey zombie (D:9)
  6 adders
  18 gnolls
  4 shadow imps
  A howler monkey simulacrum (D:9)
  2 ufetubi (D:5)
  A worm (D:3)
  A dart slug (D:1)
  28 orcs
  5 endoplasms
  6 giant cockroaches
  6 goblins
  14 hobgoblins
  9 quokkas
  5 ball pythons
  6 bats
  3 frilled lizards
  16 kobolds
  8 rats
234 creatures vanquished.

Notes
Turn   | Place    | Note
-------+----------+-------------------------------------------
     0 | D:1      | cforsyth the Troll Fighter began the quest for the Orb.
     0 | D:1      | Reached XP level 1. HP: 22/22 MP: 0/0
   193 | D:1      | Reached XP level 2. HP: 28/29 MP: 1/1
   794 | D:2      | Reached XP level 3. HP: 36/36 MP: 2/2
  1558 | D:3      | Reached XP level 4. HP: 43/44 MP: 3/3
  1659 | D:3      | Found a radiant altar of Vehumet.
  1659 | D:3      | Found a hazy altar of Hepliaklqana.
  1769 | D:3      | Reached skill level 3 in Unarmed Combat
  1810 | D:3      | Noticed Natasha
  1822 | D:3      | Killed Natasha
  1823 | D:3      | Reached XP level 5. HP: 34/53 MP: 4/4
  1900 | D:3      | Noticed Natasha
  1906 | D:3      | Killed Natasha
  2023 | D:3      | Noticed Natasha
  2030 | D:3      | Killed Natasha
  2149 | D:4      | Noticed an ogre
  2158 | D:4      | Killed an ogre
  2159 | D:4      | Reached skill level 4 in Unarmed Combat
  2159 | D:4      | Reached XP level 6. HP: 4/61 MP: 5/5
  2224 | D:4      | HP: 2/62 [gnoll/+0 halberd[a gnoll bouda] (4)]
  2892 | D:4      | Reached skill level 5 in Unarmed Combat
  2892 | D:4      | Reached XP level 7. HP: 56/70 MP: 6/6
  3442 | D:5      | Entered Level 5 of the Dungeon
  3754 | D:5      | Reached skill level 6 in Unarmed Combat
  4043 | D:5      | Reached XP level 8. HP: 79/79 MP: 7/7
  4166 | D:5      | Found the +7 lajatang of Order {silver, rMut}
  4241 | D:5      | Reached skill level 5 in Shields
  4498 | D:6      | Reached skill level 7 in Unarmed Combat
  4510 | D:6      | Reached skill level 5 in Fighting
  4541 | D:6      | Found an ornate altar of the Wu Jian Council.
  4595 | D:6      | Became a worshipper of the Wu Jian Council
  4789 | D:6      | Found a shadowy altar of Dithmenos.
  4920 | D:7      | Found an iron altar of Okawaru.
  4935 | D:7      | Reached skill level 8 in Unarmed Combat
  4951 | D:7      | Reached XP level 9. HP: 59/88 MP: 8/8
  5377 | D:7      | Found a staircase to the Ecumenical Temple.
  5973 | D:8      | Reached * piety under Wu Jian
  6093 | D:8      | Reached skill level 9 in Unarmed Combat
  7096 | D:9      | Reached skill level 10 in Unarmed Combat
  7124 | D:9      | Reached XP level 10. HP: 100/100 MP: 9/9
  7187 | D:9      | Found a bloodstained altar of Trog.
  7261 | D:9      | Reached ** piety under Wu Jian
  7294 | D:9      | Noticed Psyche
  7302 | D:9      | Killed Psyche
  7319 | D:9      | Noticed Pikel
  7326 | D:9      | Killed Pikel
  7521 | D:9      | Noticed Maggie
  7530 | D:9      | Killed Maggie
  7594 | D:9      | Identified the ring "Uguffun" {rC- rN+ Will+ rCorr}
  7699 | D:10     | Entered Level 10 of the Dungeon
  7748 | D:10     | Reached skill level 11 in Unarmed Combat
  8206 | D:11     | Reached XP level 11. HP: 85/109 MP: 10/10
  8210 | D:11     | Reached skill level 12 in Unarmed Combat
  8218 | D:11     | Reached *** piety under Wu Jian
  8220 | D:11     | Killed from afar by an orc priest

Illustrated notes

Levels and vault maps discovered:
D:1:      dpeg_arrival_ternary, layout_rooms, nrook_uturn,
          minmay_misc_feat_secret_circle, grunt_decor_arrowhead
D:2:      layout_basic, hangedman_glass_teeth
D:3:      layout_basic, amethyst_overflow_temple_binary, hex_tiny, uniq_natasha,
          uniq_crazy_yiuf_cottage
D:4:      minmay_razor_zed, layout_basic
D:5:      layout_loops_corners, palyth_stone_intersect
D:6:      layout_rooms, nzn_wu_jian_contemplation,
          lemuel_coloured_pillars_altar, st_stairs_1
D:7:      layout_cave_pools, mainiacjoe_overflow_paths, temple_hall
D:8:      layout_basic
D:9:      layout_basic, old_standard_altar, hangedman_weighted_door,
          uniq_maggie, uniq_psyche, uniq_pikel
D:10:     layout_rooms
D:11:     layout_grid_maze, lair_entry_dummy

Skill      XL: |  1  2  3  4  5  6  7  8  9 10 11 |
---------------+----------------------------------+-----
Shields        | 3 4 5 7 8 |  8.3
Fighting       | 3 4 5 6 7 |  7.7
Dodging        | 3 |  3.1
Unarmed Combat | 3 4 5 6 8 10 11 12 | 12.0

Action                   |  1- 3 |  4- 6 |  7- 9 | 10-12 || total
-------------------------+-------+-------+-------+-------++-------
Melee: Unarmed           |   118 |   139 |   351 |   152 ||   760
Invok: Lunge             |       |       |    14 |    11 ||    25
       Whirlwind         |       |       |     7 |    30 ||    37
  Use: Scroll            |       |       |    12 |     1 ||    13
       Potion            |       |       |       |     1 ||     1
 Stab: Sleeping          |       |       |       |     1 ||     1
Armor: Robe              |    30 |    23 |    71 |    21 ||   145
Dodge: Dodged            |    28 |    39 |   130 |    42 ||   239
Block: Kite shield       |    41 |    47 |   145 |    76 ||   309

Table legend: (Time is in decaauts)
 A = Elapsed time spent in this place.
 B = Non-inter-level travel time spent in this place.
 C = Inter-level travel time spent in this place.
 D = Time resting spent in this place.
 E = Time spent auto-exploring this place.
 F = Levels seen in this place.
 G = Mean time per level.
                   A        B        C        D        E       F      G
               +--------+--------+--------+--------+--------+-----+--------+
         Total |   8252 |   7660 |    592 |    526 |   5470 |  11 |  750.2 |
       Dungeon |   8252 |   7660 |    592 |    526 |   5470 |  11 |  750.2 |
               +--------+--------+--------+--------+--------+-----+--------+

Top non-repeatable levels by time:
     D:4: 1139 daAuts
     D:3: 1021 daAuts
     D:8: 996 daAuts
     D:5: 952 daAuts
     D:7: 929 daAuts
     D:2: 753 daAuts
     D:9: 709 daAuts
     D:1: 655 daAuts
     D:6: 579 daAuts
    D:10: 415 daAuts
    D:11: 98 daAuts
